 Dungeon Crawl Stone Soup version 0.23.2-1-ga50397a (webtiles) character file.

Game seed: 9763122378128034585

172 schauveau the Shooter (level 5, -4/45 HPs)
             Began as a Centaur Hunter on May 1, 2019.
             Slain by Purgy (6 damage)
             ... on level 4 of the Dungeon.
             The game lasted 00:05:29 (1654 turns).

schauveau the Shooter (Centaur Hunter)              Turns: 1654, Time: 00:05:30

Health: -4/45      AC:  4    Str: 16    XL:     5   Next: 27%
Magic:  5/5        EV:  9    Int: 10    God:
Gold:   32         SH:  0    Dex:  9    Spells: 4/4 levels left

rFire    + . .     SeeInvis .   a - +1 shortbow
rCold    + . .     Gourm    .   (shield currently unavailable)
rNeg     . . .     Faith    .   c - +0 leather armour
rPois    .         Spirit   .   (no helmet)
rElec    .         Reflect  .   e - scarf {rC+ rF+}
rCorr    .         Harm     .   (no gloves)
MR       .....                  (no barding)
Stlth    +.........             (no amulet)
HPRegen  0.15/turn              (no ring)
MPRegen  0.09/turn              (no ring)

@: very slow
A: large, hooves 3, deformed body, speed 2, tough skin 3
a: no special abilities


You were on level 4 of the Dungeon.
You were hungry.

You visited 1 branch of the dungeon, and saw 4 of its levels.
You also visited: Sewer.

You collected 32 gold pieces.

Inventory:

Hand Weapons
 a - a +1 shortbow (weapon)
 b - a +0 short sword of venom
 j - a +0 flail
 m - a +0 short sword
Missiles
 d - 47 arrows (quivered)
 k - 26 stones
Armour
 c - a +0 leather armour (worn)
 e - a scarf of resistance (worn)
Jewellery
 i - an uncursed ring of magical power {unknown}
Scrolls
 g - a scroll of identify {unknown}
 h - a scroll of magic mapping {unknown}
 n - 2 scrolls of teleportation {unknown}
 p - a scroll of fear {unknown}
 r - a scroll of fog {unknown}
Potions
 o - a potion of brilliance {unknown}
 q - a potion of curing {unknown}
Comestibles
 f - 3 rations
 l - 4 chunks of flesh


   Skills:
 + Level 3.5 Fighting
 * Level 7.7 Bows
 - Level 1.3 Dodging
 - Level 0.4 Stealth


You had 4 spell levels left.
You didn't know any spells.
Your spell library was empty.

Dungeon Overview and Level Annotations

Branches:
Dungeon (4/15)
 Temple: D:4-7

Altars:
Elyvilon
Trog

Annotations:
D:4 Purgy


Innate Abilities, Weirdness & Mutations

You have hooves in place of feet.
Armour fits poorly on your strangely shaped body.
You cover ground very quickly.
You have extremely tough skin. (AC +3)


Message History

* * * LOW HITPOINT WARNING * * *
Purgy claws you but does no damage. Purgy claws you.
* * * LOW HITPOINT WARNING * * *
You see here 4 gold pieces.
You now have 32 gold pieces (gained 4).
Purgy bites you but does no damage. Purgy claws you but does no damage.
Purgy claws you.
* * * LOW HITPOINT WARNING * * *
There is a gate leading back out of this place, spattered with blood here.
Purgy bites you.
* * * LOW HITPOINT WARNING * * *
Purgy barely misses you. Purgy claws you.
* * * LOW HITPOINT WARNING * * *
Welcome back to the Dungeon!
There is a collapsed entrance here.
Unknown command.
You enter the shallow water.
Moving in this stuff is going to be slow.
Purgy bites you.
You die...

#####+###### ##
.÷.........# .#
##......###########.#
#.......≈≈≈≈≈≈≈≈≈..#
#.......≈≈≈≈.≈T@≈..#
####+##.≈≈≈≈≈≈≈≈≈.##
#############


You could see Purgy.

Vanquished Creatures
  An ice beast (D:2)
  2 adders (D:2)
  An ooze (D:4)
  A dart slug (D:2)
  5 leopard geckos
  2 orcs
  A ball python (Sewer)
  5 bats
  3 giant cockroaches
  3 goblins
  A hobgoblin (D:1)
  4 jackals (D:2)
  5 kobolds
  3 quokkas (D:2)
  8 frilled lizards
  3 rats
48 creatures vanquished.

Notes
Turn   | Place    | Note
-------+----------+-------------------------------------------
     0 | D:1      | schauveau the Centaur Hunter began the quest for the Orb.
     0 | D:1      | Reached XP level 1. HP: 17/17 MP: 1/1
    88 | D:1      | Reached XP level 2. HP: 17/24 MP: 2/2
   146 | D:2      | Noticed an ice beast
   327 | D:2      | Killed an ice beast
   327 | D:2      | Reached skill level 7 in Bows
   327 | D:2      | Reached XP level 3. HP: 31/31 MP: 3/3
   327 | D:2      | Reached XP level 4. HP: 38/38 MP: 4/4
   416 | D:2      | Found a bloodstained altar of Trog.
   795 | D:2      | Reached XP level 5. HP: 31/45 MP: 5/5
  1096 | D:3      | Found a white marble altar of Elyvilon.
  1215 | D:4      | Found a glowing drain.
  1291 | Sewer    | Entered a sewer
  1460 | Sewer    | Noticed Purgy
  1650 | Sewer    | HP: 1/45 [Purgy (3)]
  1654 | D:4      | Slain by Purgy

Skill      XL: |  1  2 |
---------------+-------+-----
Fighting       | 3 |  3.5
Bows           | 7 |  7.7
Dodging        | |  1.3
Stealth        | |  0.4

Action                   |  1- 3 |  4- 6 || total
-------------------------+-------+-------++-------
Melee: Short sword       |    36 |   102 ||   138
       Kick              |     4 |    11 ||    15
 Fire: Shortbow          |     6 |    26 ||    32
  Eat: Chunk             |       |     1 ||     1
Armor: Leather armour    |    24 |    68 ||    92
Dodge: Dodged            |    31 |    81 ||   112
